General information
- name: BNet
- type: Ladder 1vs1/FFA
- host: Battle.net
- saver: HERNaNDO
map: TurtleRock
- players: 2
- length: 09:16
- speed: Fast
- version: 1.21 W3XP
- replay type: Public
» download(32 KB)
Players
team 1 (loser)
Fata1Mike (
red | 93 APM | 851 actions | 09:09)
3 Dark Ranger
2 Black Arrow
1 Silence
» actions
| Assign group hotkey | 16 | |
| Build / train | 29 | |
| Enter build submenu | 10 | |
| Enter hero's abilities submenu | 3 | |
| Right click | 522 | |
| Select / deselect | 181 | |
| Select group hotkey | 77 | |
| Use ability | 13 | |
851 total
» units
» buildings
| Ancient of War | 1 | |
| Moon Well | 4 | |
| Altar of Elders | 1 | |
| Tree of Ages | 2 | |
| Tree of Life | 1 | |
| Hunter's Hall | 1 | |
10 total
» build order
00:22 Ancient of War
00:36 Moon Well
00:48 Altar of Elders
01:40 Moon Well
03:09 Tree of Ages
04:08 Moon Well
05:20 Tree of Life
05:32 Moon Well
09:04 Hunter's Hall
team 2 (winner)
HERNaNDO (
pink | 72 APM | 664 actions | 09:16)
2 Archmage
1 Summon Water Elemental
1 Brilliance Aura
» actions
| Assign group hotkey | 4 | |
| Basic commands | 6 | |
| Build / train | 41 | |
| ESC pressed | 1 | |
| Enter build submenu | 28 | |
| Enter hero's abilities submenu | 2 | |
| Remove unit from queue | 1 | |
| Right click | 324 | |
| Select / deselect | 174 | |
| Select group hotkey | 47 | |
| Use ability | 36 | |
664 total
» units
» upgrades
» buildings
| Lumber Mill | 1 | |
| Altar of Kings | 1 | |
| Farm | 7 | |
| Scout Tower | 9 | |
| Barracks | 2 | |
| Guard Tower | 4 | |
| Arcane Vault | 2 | |
26 total
» build order
00:18 Lumber Mill
00:22 Altar of Kings
00:41 Farm
00:43 Farm
01:06 Scout Tower
01:50 Barracks
02:30 Guard Tower
02:36 Farm
02:37 Farm
03:10 Farm
05:31 Farm
05:31 Farm
05:41 Barracks
05:45 Arcane Vault
06:44 Scout Tower
06:46 Scout Tower
06:47 Scout Tower
06:51 Scout Tower
07:15 Guard Tower
07:36 Scout Tower
07:48 Arcane Vault
07:53 Scout Tower
08:01 Scout Tower
08:22 Guard Tower
08:30 Guard Tower
08:48 Scout Tower
» items
Chat log
(00:05 / All) Fata1Mike: gl
(00:10 / All) HERNaNDO: THX